 Dungeon Crawl Stone Soup version 0.28.0-45-g0d030f2227 (webtiles) character file.

Game seed: 6414419057046798539

67 PennyCostal the Cutter (level 4, 0/35 HPs)
             Began as a Human Monk on Apr 16, 2022.
             Was a Follower of Ashenzari.
             Slain by a black bear (4 damage)
             ... on level 4 of the Dungeon.
             The game lasted 00:17:26 (3531 turns).

PennyCostal the Cutter (Human Monk)                 Turns: 3531, Time: 00:17:28

Health: 0/35       AC:  2    Str: 15    XL:     4   Next: 40%
Magic:  3/4        EV: 13    Int: 11    God:    Ashenzari [*.....]
Gold:   108        SH:  4    Dex: 15    Spells: 0/3 levels left

rFire   + . .      SeeInvis .   m - +7 long sword "Daifaen" {vorpal, Str+2}
rCold   + . .      Faith    .   d - +0 buckler of Ashenzari's Morality {Cun, Elem} (curse)
rNeg    . . .      Spirit   .   b - +0 robe of the Elysian Insecurity {Evo, Fort} (curse)
rPois   .          Reflect  .   (no helmet)
rElec   .          Harm     .   o - scarf {rC+ rF+}
rCorr   .          Rampage  .   (no gloves)
Will    .....                   (no boots)
Stlth   ++........              (no amulet)
HPRegen 0.11/turn               (no ring)
MPRegen 0.09/turn               (no ring)

@: no status effects
A: no striking features
a: Renounce Religion, Shatter the Chains


You were on level 4 of the Dungeon.
You worshipped Ashenzari.
Ashenzari was aware of your devotion.
You visited 1 branch of the dungeon, and saw 4 of its levels.

You collected 108 gold pieces.

Inventory:

Hand Weapons
 a - a +0 short sword
 c - a +1 vorpal hand axe
 m - the +7 long sword "Daifaen" (weapon) {vorpal, Str+2}
   (You found it on level 3 of the Dungeon)

   It inflicts extra damage upon your enemies.
   Str:       It affects your strength (+2).
Missiles
 e - 29 sling bullets
 f - 21 arrows
 g - 3 boomerangs (quivered)
Armour
 b - the cursed +0 robe of the Elysian Insecurity (worn) {Evo, Fort}

   It has a curse which improves the following skills: Evocations: Evocations.
   Fortitude: Armour and Shields.
 d - the cursed +0 buckler of Ashenzari's Morality (worn) {Cun, Elem}
   (You found it on level 1 of the Dungeon)

   It has a curse which improves the following skills: Cunning: Dodging and
   Stealth.
   Elements:  Fire Magic, Ice Magic, Air Magic and Earth Magic.
 o - a scarf of resistance (worn)
Scrolls
 l - a scroll of fog
 n - a scroll of torment
 p - a scroll of enchant armour
Potions
 h - a potion of lignification
 i - 4 potions of curing
 j - 2 potions of might
 k - a potion of brilliance


   Skills:
 * Level 3.2 Fighting
 - Level 3.3(3.4) Short Blades
 * Level 0.5(2.1) Long Blades
 - Level 0.2 Axes
 * Level 0.3 Throwing
 * Level 0.3(0.6) Armour
 * Level 3.2(4.0) Dodging
 * Level 2.6(3.4) Stealth
 * Level 0.9(1.4) Shields
 * Level 0.4 Spellcasting
 * Level 0.3(0.6) Evocations


You couldn't memorise any spells.
You knew the following spells:

 Your Spells              Type           Power      Damage    Failure   Level
a - Slow                  Hex            0%         N/A       41%         1
b - Animate Skeleton      Necr           0%         N/A       41%         1
c - Pain                  Necr           0%         1d4       41%         1

Your spell library contained the following spells:

 Spells                   Type           Power      Damage    Failure   Level
 Confusing Touch          Hex            0%         N/A       80%         3
 Vampiric Draining        Necr           0%         2d6       80%         3


Dungeon Overview and Level Annotations

Branches:
Dungeon (4/15)
 Temple: D:4-7

Altars:
Ashenzari
Kikubaaqudgha
Trog
Uskayaw
Zin

Shops:
D:1 :   D:3 (


Message History

Throw: 3 boomerangs
Press: ? - help, Q - select action, (/) - cycle Shift-Dir - straight line, f/p - black bear
Aim: a black bear (67% to hit)
You throw a boomerang.
The boomerang barely misses the black bear.
Throw: 3 boomerangs
Press: ? - help, Q - select action, (/) - cycle Shift-Dir - straight line, f/p - black bear
Aim: a black bear (67% to hit)
You throw a boomerang.
The boomerang hits the black bear but does no damage.
Casting: Slow (safe; 41% risk of failure)
Confirm with . or Enter, or press ? or * to list all spells.
Aiming: Slow (safe; 41% risk of failure)
Press: ? - help, Shift-Dir - straight line, f/p - black bear
Aim: a black bear (chance to affect: 32%)
The black bear seems to slow down.
The black bear closely misses you. x2
The black bear barely misses you.
You slash the black bear!
The black bear is heavily wounded.
The black bear bites you but does no damage.
The black bear claws you. x2
You slash the black bear!
The black bear is almost dead.
The black bear bites you. You block the black bear's attack.
The black bear claws you but does no damage.
You barely miss the black bear.
The black bear is almost dead.
The black bear shakes off its lethargy.
The black bear goes berserk!
You hit the black bear.
The black bear is almost dead.
The black bear bites you! You block the black bear's attack. x2
The black bear bites you. The black bear misses you. The black bear claws you.
You barely miss the black bear.
The black bear is almost dead.
The black bear bites you.
* * * LOW HITPOINT WARNING * * *
The black bear claws you.
* * * LOW HITPOINT WARNING * * *
The black bear claws you.
You die...

#..............#
#...............#
##..............#
.
##............##..
##..........##...
###..^....##..#
##..?..##..#
##....#...##
##..@h....#
#..###..... #..
.... #.# #<. .. .
... ...# ....


You could see a black bear (berserk).

Vanquished Creatures
  An adder (D:3)
  A worm (D:2)
  6 endoplasms
  10 goblins
  8 hobgoblins
  2 quokkas
  4 ball pythons
  3 bats
  3 frilled lizards (D:1)
  8 kobolds
  8 rats
54 creatures vanquished.

Vanquished Creatures (others)
  2 plants (D:3)
2 creatures vanquished.

Grand Total: 56 creatures vanquished

Notes
Turn   | Place    | Note
-------+----------+-------------------------------------------
     0 | D:1      | PennyCostal the Human Monk began the quest for the Orb.
     0 | D:1      | Reached XP level 1. HP: 18/18 MP: 1/1
   233 | D:1      | Reached XP level 2. HP: 24/24 MP: 2/2
   293 | D:1      | Found a faded altar of an unknown god.
   718 | D:1      | Found Bunustra's Book Boutique.
  1214 | D:2      | Reached XP level 3. HP: 21/29 MP: 3/3
  1401 | D:2      | Learned a level 1 spell: Slow
  1513 | D:2      | Found the +3 giant club "Skullcrusher" {speed, Str+7}
  2161 | D:3      | Found Lamone's Antique Weapon Shop.
  2416 | D:3      | Found a broken altar of Ashenzari.
  2594 | D:3      | Identified the +7 long sword "Daifaen" {vorpal, Str+2}
  2677 | D:3      | Became a worshipper of Ashenzari the Shackled
  2702 | D:3      | Reached XP level 4. HP: 32/35 MP: 0/4
  2739 | D:3      | Reached * piety under Ashenzari
  2884 | D:3      | Found an ancient bone altar of Kikubaaqudgha.
  2973 | D:3      | Found a hide-covered altar of Uskayaw.
  2973 | D:3      | Found a bloodstained altar of Trog.
  2981 | D:3      | Found a glowing silver altar of Zin.
  3510 | D:4      | Learned a level 1 spell: Animate Skeleton
  3512 | D:4      | Learned a level 1 spell: Pain
  3520 | D:4      | Noticed a black bear
  3531 | D:4      | Slain by a black bear

Illustrated notes

Levels and vault maps discovered:
D:1:      dpeg_arrival_orchard, layout_loops_corners, serial_shops,
          nicolae_shop_advertising_works [nicolae_subvault_shop_adworks],
          hellmonk_ecumenical_altar_run_dry
D:2:      layout_loops_ring, chequers_serial_rivers_marsh,
          kennysheep_generic_room_9
D:3:      layout_basic, nicolae_ashenzari_panopticon,
          gammafunk_temple_overflow_forgotten,
          mainiacjoe_overflow_six_doors_small, serial_shops, shop_statue,
          chequers_serial_rivers_small_3
D:4:      layout_cave_pods

Action                   |  1- 3 |  4- 6 || total
-------------------------+-------+-------++-------
Melee: Short sword       |    44 |       ||    44
       Hand axe          |    52 |       ||    52
       Long sword        |     5 |    10 ||    15
Throw: Boomerang         |    27 |    14 ||    41
 Cast: Slow              |     4 |     3 ||     7
Invok: Curse Item        |     1 |     1 ||     2
  Use: Scroll            |     5 |       ||     5
       Potion            |     1 |       ||     1
 Stab: Sleeping          |     8 |     2 ||    10
Armor: Robe              |    10 |     2 ||    12
Dodge: Dodged            |    37 |     6 ||    43
Block: Buckler           |    10 |     5 ||    15
